 Dungeon Crawl Stone Soup version 0.25-a0-614-g73ad250637 (webtiles) character file.

Game seed: 10595454081415824338, levelgen mode: deterministic

7042 kae the Martial Artist (level 10, -3/85 HPs)
             Began as a Demonspawn Monk on Mar 17, 2020.
             Was an Elder of Makhleb.
             Slain by an unseen horror (11 damage)
             ... on level 10 of the Dungeon.
             The game lasted 00:11:46 (12016 turns).

kae the Martial Artist (Demonspawn Monk)           Turns: 12016, Time: 00:11:46

Health: -3/85      AC:  5    Str: 14    XL:     10   Next: 83%
Magic:  0/13       EV: 13    Int: 12    God:    Makhleb [****..]
Gold:   2          SH:  4    Dex: 21    Spells: 3/9 levels left

rFire    . . .     SeeInvis .     - Unarmed
rCold    . . .     Gourm    .   (no shield)
rNeg     . . .     Faith    .   a - +1 robe
rPois    .         Spirit   +   (no helmet)
rElec    .         Reflect  .   (no cloak)
rCorr    .         Harm     .   c - +1 pair of gloves
MR       .....                  (no boots)
Stlth    ++........             (no amulet)
HPRegen  0.24/turn              i - +5 ring of dexterity
MPRegen  0.26/turn              y - ring of flight

@: lightly drained
A: hooves 2, large bone plates 1, magic shield, magic regeneration, rot immunity
a: Minor Destruction, Lesser Servant of Makhleb, Major Destruction, Renounce
Religion, Evoke Flight


You were on level 10 of the Dungeon.
You worshipped Makhleb.
Makhleb was greatly pleased with you.
You were not hungry.

You visited 1 branch of the dungeon, and saw 10 of its levels.
You also visited: Sewer.

You collected 538 gold pieces.
You spent 536 gold pieces at shops.

Inventory:

Armour
 a - a +1 robe (worn)
 c - a +1 pair of gloves (worn)
Jewellery
 i - a +5 ring of dexterity (left hand)
 y - a ring of flight (right hand)
 C - an uncursed amulet of the gourmand {unknown}
 E - an uncursed ring of poison resistance {unknown}
Wands
 p - a wand of flame (10)
 v - a wand of iceblast (11)
 z - a wand of enslavement (1)
 A - a wand of random effects (14)
 F - a wand of clouds (5)
Scrolls
 d - 3 scrolls of teleportation
 k - 2 scrolls of amnesia
 n - 4 scrolls of enchant weapon
 q - 10 scrolls of remove curse
 t - 3 scrolls of enchant armour
 D - a scroll of identify
Potions
 e - 4 potions of flight
 f - 4 potions of heal wounds
 g - 6 potions of curing
 h - 4 potions of lignification
 j - 3 potions of magic
 l - a potion of cancellation
 m - 4 potions of stabbing
 o - 5 potions of might
 r - 3 potions of ambrosia
 s - 7 potions of brilliance
 w - 2 potions of degeneration
 x - a potion of haste
Comestibles
 b - 18 rations
 B - 4 chunks of flesh


   Skills:
 - Level 10.0(9.7) Fighting
 - Level 2.6(2.4) Dodging
 - Level 1.7(1.5) Stealth
 - Level 12.0(11.7) Unarmed Combat
 + Level 2.7(2.4) Transmutations
 + Level 4.0(3.7) Invocations


You had 3 spell levels left.
You knew the following spells:

 Your Spells              Type           Power        Failure   Level  Hunger
a - Beastly Appendage     Tmut           #.....       12%         1    ##.....
b - Sticks to Snakes      Tmut           #.......     19%         2    ###....
c - Spider Form           Tmut/Pois      #.........   52%         3    ####...

Your spell library contained the following spells:

 Spells                   Type           Power        Failure   Level  Hunger
 Ice Form                 Ice/Tmut       #.......     90%         4    #####..
 Blade Hands              Tmut           #.........   98%         5    ######.


Dungeon Overview and Level Annotations

Branches:
Dungeon (10/15)            Temple (0/1) D:7           Sewer (visited)
   Lair: D:8-11         Orc: D:9-12

Altars:
Ashenzari
Cheibriados
Gozag
Makhleb
Qazlal
Ru
Uskayaw
Vehumet
Xom

Shops:
D:9 :   D:10 ?


Innate Abilities, Weirdness & Mutations

You have hoof-like feet.
You are partially covered in large bone plates. (SH +4)
When hurt, damage is shared between your health and your magic reserves.
You regenerate magic rapidly.
You are immune to rotting.


Message History

You swing at nothing.
Something hits you!
* * * LOW HITPOINT WARNING * * *
You closely miss something. You kick something. Something hits you.
* * * LOW HITPOINT WARNING * * *
Something completely misses you.
You feel much better. Something hits you! Something barely misses you.
As you read the scroll of fog, it crumbles to dust.
The scroll dissolves into smoke.
Something hits you! Something hits you but does no damage.
You miss something. Something hits you!
* * * LOW HITPOINT WARNING * * *
You barely miss something. Your kick misses something. Something hits you!
* * * LOW HITPOINT WARNING * * *
You swing at nothing.
You barely miss something. You block something's attack.
Something completely misses you.
You hit something. You kick something. Something hits you!
* * * LOW HITPOINT WARNING * * *
Something hits you!
You die...

.# #.....#
.############.....#
##########................###
#............"###########.#
#...............# #.#
####...##.###.#.# #.#
#......#§# §#.# #.#
#.#..#.#§###§#.# #.###
#.#....#§§{@§#.# #.#..
##.#.##.#######.#########.#.#
#............................
####.##.#######.#########.#.#
#<...................#.#.#
#.##.#######.#######.#.#.#
#.# ................#.#..
#.##########.#########.#.#
#............<# #.###


There were no monsters in sight!

Vanquished Creatures
  A two-headed ogre (D:10)
  2 trolls
  Prince Ribbit (D:6)
  2 hungry ghosts (D:9)
  3 orc warriors
  3 ice beasts
  2 sky beasts
  2 black bears
  4 centaurs
  A crocodile (D:10)
  7 ogres
  3 big kobolds
  Blork the orc (D:6)
  6 bullfrogs
  A wyvern zombie (D:6)
  2 scorpions
  9 killer bees
  10 wights
  4 howler monkeys
  5 crimson imps
  12 hounds
  A bullfrog skeleton (D:8)
  2 centaur skeletons
  7 orc priests
  A jelly (D:8)
  13 orc wizards
  2 iguanas
  Ijyb (D:4)
  6 worker ants
  A hound skeleton (D:7)
  5 gnolls
  8 adders
  An ooze (Sewer)
  2 adder skeletons
  6 worms
  A dart slug (D:3)
  9 leopard geckos
  42 orcs
  3 ball pythons
  9 bats
  8 giant cockroaches
  16 goblins
  17 hobgoblins
  14 jackals
  35 kobolds
  4 quokkas
  9 frilled lizards
  A leopard gecko zombie (D:8)
  A quokka skeleton (D:4)
  2 quokka zombies
  6 rats
314 creatures vanquished.

Vanquished Creatures (others)
  6 toadstools (D:4)
6 creatures vanquished.

Grand Total: 320 creatures vanquished

Notes
Turn   | Place    | Note
-------+----------+-------------------------------------------
     0 | D:1      | kae the Demonspawn Monk began the quest for the Orb.
     0 | D:1      | Reached XP level 1. HP: 18/18 MP: 1/1
   224 | D:1      | Reached skill level 3 in Unarmed Combat
   266 | D:1      | Gained mutation: You have large cloven feet. [demonic
                  | ancestry]
   266 | D:1      | Reached XP level 2. HP: 13/24 MP: 2/2
   995 | D:2      | Gained mutation: You are immune to rotting. [demonic
                  | ancestry]
   995 | D:2      | Reached XP level 3. HP: 19/29 MP: 3/3
  1960 | D:2      | Reached skill level 4 in Unarmed Combat
  1963 | D:2      | Gained mutation: When hurt, damage is shared between your
                  | health and your magic reserves. [demonic ancestry]
  1963 | D:2      | Reached XP level 4. HP: 32/37 MP: 4/4
  2371 | D:3      | Found an opulent altar of Gozag.
  2405 | D:3      | Reached XP level 5. HP: 28/42 MP: 2/5
  2888 | D:3      | Noticed an ogre
  2897 | D:3      | Killed an ogre
  2897 | D:3      | Reached skill level 5 in Unarmed Combat
  3264 | D:2      | Reached XP level 6. HP: 31/49 MP: 4/6
  4292 | D:4      | Reached skill level 5 in Fighting
  4292 | D:4      | Reached skill level 6 in Unarmed Combat
  4584 | D:4      | Noticed a troll
  4596 | D:4      | Killed a troll
  4596 | D:4      | Gained mutation: You regenerate magic rapidly. [demonic
                  | ancestry]
  4596 | D:4      | Reached XP level 7. HP: 55/56 MP: 3/7
  4716 | D:4      | Noticed Ijyb
  4751 | D:4      | Killed Ijyb
  4811 | D:4      | Reached skill level 7 in Unarmed Combat
  5010 | D:5      | Entered Level 5 of the Dungeon
  5360 | D:5      | Found a shimmering altar of Xom.
  6146 | D:5      | Gained mutation: You have hoof-like feet. [demonic
                  | ancestry]
  6146 | D:5      | Reached XP level 8. HP: 27/64 MP: 3/8
  6444 | D:6      | Reached skill level 8 in Unarmed Combat
  6481 | D:6      | Noticed Blork the orc
  6507 | D:6      | Killed Blork the orc
  6597 | D:6      | Reached skill level 9 in Unarmed Combat
  6599 | D:6      | Found a glowing drain.
  6696 | Sewer    | Entered a sewer
  7481 | D:6      | Reached XP level 9. HP: 72/72 MP: 9/9
  7524 | D:6      | Noticed Prince Ribbit
  7544 | D:6      | Killed Prince Ribbit
  7928 | D:6      | Found a burning altar of Makhleb.
  7928 | D:6      | Noticed a cacodemon
  7931 | D:6      | Noticed a smoke demon
  8036 | D:6      | Became a worshipper of Makhleb the Destroyer
  8036 | D:6      | Reached * piety under Makhleb
  8036 | D:6      | Reached ** piety under Makhleb
  8405 | D:7      | Found a sacrificial altar of Ru.
  8472 | D:7      | Found a staircase to the Ecumenical Temple.
  8530 | D:7      | Reached skill level 10 in Unarmed Combat
  8661 | D:7      | Found a hide-covered altar of Uskayaw.
  9368 | D:8      | Found a stormy altar of Qazlal.
  9444 | D:8      | Found a shattered altar of Ashenzari.
  9453 | D:8      | Reached skill level 11 in Unarmed Combat
  9671 | D:8      | Reached *** piety under Makhleb
  9795 | D:8      | Gained mutation: You are partially covered in large bone
                  | plates. (SH +4) [demonic ancestry]
  9795 | D:8      | Reached XP level 10. HP: 71/82 MP: 8/10
 10144 | D:9      | Found a radiant altar of Vehumet.
 11044 | D:9      | Found Vusiriadiwk's Book Shop.
 11048 | D:9      | Bought a book of Changes for 350 gold pieces
 11050 | D:9      | Learned a level 1 spell: Beastly Appendage
 11053 | D:9      | Learned a level 2 spell: Sticks to Snakes
 11124 | D:9      | Found a snail-covered altar of Cheibriados.
 11265 | D:10     | Entered Level 10 of the Dungeon
 11313 | D:10     | Learned a level 3 spell: Spider Form
 11373 | D:10     | Noticed a two-headed ogre
 11377 | D:10     | Reached **** piety under Makhleb
 11377 | D:10     | Reached skill level 1 in Invocations
 11384 | D:10     | Killed a two-headed ogre
 11384 | D:10     | Reached skill level 12 in Unarmed Combat
 11384 | D:10     | Reached skill level 1 in Transmutations
 11821 | D:10     | Found Giewit's Magic Scroll Emporium.
 11829 | D:10     | Bought a scroll of enchant weapon for 90 gold pieces
 11829 | D:10     | Bought a scroll of identify for 24 gold pieces
 11829 | D:10     | Bought a scroll of identify for 24 gold pieces
 11829 | D:10     | Bought a scroll of identify for 24 gold pieces
 11829 | D:10     | Bought a scroll of identify for 24 gold pieces
 11920 | D:10     | Reached skill level 10 in Fighting
 12016 | D:10     | Slain by an unseen horror

Levels and vault maps discovered:
D:1:      lightli_arrival_statuegarden, layout_basic
D:2:      layout_loops_ring, first_ration
D:3:      layout_basic, grunt_gozag_statues
D:4:      layout_gridville, minmay_gold_behind_fungi, uniq_ijyb
D:5:      layout_loops_corners, brannock_xom_greatest_gift,
          nicolae_underground_beach
D:6:      corexii_shantytown, layout_basic, makhleb_altar_promises_db,
          portal_sewer_entry_f, uniq_prince_ribbit1, uniq_blork_the_orc
D:7:      layout_rooms, lemuel_crystal_altar, nicolae_overflow_crystal_walls,
          minmay_temple_entry_arrows
D:8:      layout_loops_corners, marbit_many_paths, ashenzari_conservatory_becter
D:9:      layout_basic, lemuel_coloured_pillars_altar, lemuel_doored_altar,
          serial_shops, shop
D:10:     layout_basic, serial_shops, nicolae_shop_statue_plus

Skill      XL: |  1  2  3  4  5  6  7  8  9 10 |
---------------+-------------------------------+-----
Unarmed Combat | 3 4 5 6 7 9 11 12 | 12.0
Fighting       | 4 5 6 7 8 10 | 10.0
Invocations    | 4 |  4.0
Transmutations | 2 |  2.7
Dodging        | |  2.6
Stealth        | |  1.7

Action                   |  1- 3 |  4- 6 |  7- 9 | 10-12 || total
-------------------------+-------+-------+-------+-------++-------
Melee: Unarmed           |   142 |   196 |   476 |   208 ||  1022
       Kick              |    43 |    76 |   159 |    77 ||   355
       Punch             |     3 |     3 |    28 |     8 ||    42
       Headbutt          |       |       |       |     5 ||     5
 Cast: Beastly Appendage |       |       |       |     7 ||     7
Evoke: Wand              |       |       |       |     1 ||     1
  Use: Scroll            |     6 |     4 |     4 |     8 ||    22
       Potion            |       |     1 |     1 |     2 ||     4
 Stab: Sleeping          |     4 |     4 |    19 |     1 ||    28
       Distracted        |       |     1 |       |       ||     1
  Eat: Ration            |     1 |       |     1 |       ||     2
       Chunk             |       |     8 |    14 |    11 ||    33
Armor: Robe              |    11 |    42 |    99 |    48 ||   200
       Skin              |       |    16 |       |       ||    16
Dodge: Dodged            |    74 |   116 |   269 |    86 ||   545
Block: Other             |       |       |       |    23 ||    23

Table legend:
 A = Non-vault XP
 B = Vault XP
 C = Vault XP percentage of total XP
 D = Non-vault monster count
 E = Vault monster count
 F = Vault count percentage of total count
                 A         B        C        D         E       F
            +---------+---------+-------+---------+---------+-------
      Total |    9277 |     783 |   7.8 |     242 |      72 |  22.9
            +---------+---------+-------+---------+---------+-------
        D:1 |      28 |       0 |   0.0 |      16 |       0 |   0.0
        D:2 |     175 |       0 |   0.0 |      31 |       0 |   0.0
        D:3 |     271 |       0 |   0.0 |      30 |       0 |   0.0
        D:4 |     641 |      35 |   5.2 |      20 |       1 |   4.8
        D:5 |     498 |       0 |   0.0 |      11 |       0 |   0.0
        D:6 |    1023 |     485 |  32.2 |      21 |      46 |  68.7
        D:7 |     846 |       0 |   0.0 |      23 |       0 |   0.0
        D:8 |    1321 |     121 |   8.4 |      26 |       1 |   3.7
        D:9 |    1976 |       0 |   0.0 |      36 |       0 |   0.0
       D:10 |    2498 |       0 |   0.0 |      28 |       0 |   0.0
      Sewer |       0 |     142 | 100.0 |       0 |      24 | 100.0
            +---------+---------+-------+---------+---------+-------
